 Dungeon Crawl Stone Soup version 0.32-a0-928-g1cae6b7ea0 (webtiles) character file.

Game seed: 1956438372562713749

6 kae the Changeling (level 1, -1/15 HPs)
             Began as a Demonspawn Shapeshifter on Apr 12, 2024.
             Slain by a ball python (3 damage)
             ... on level 1 of the Dungeon.
             The game lasted 00:00:05 (71 turns).

kae the Changeling (Demonspawn Shapeshifter)          Turns: 71, Time: 00:00:05

Health: -1/15      AC:  2    Str: 14    XL:     1   Next: 75%
Magic:  1/1        EV:  1    Int: 10    God:
Gold:   0          SH:  0    Dex: 12    Spells: 0/0 levels left

rFire   . .          .
                       - Unarmed
rCold   . . .        (no shield)
rNeg    . . .        a - +0 animal skin
rPois   .            (helmet currently unavailable)
rElec   .            (cloak currently unavailable)
rCorr   .            (gloves currently unavailable)
SInv    .            (boots currently unavailable)
Will    .....        (no amulet)
Stlth   +            (no ring)
HPRegen 0.22/turn    (no ring)
MPRegen 0.07/turn

%: no passive effects
@: beast-form, constricted
A: beast (slay +1)
a: Begin Untransformation


You were on level 1 of the Dungeon.
You were a hulking beast.
You visited 1 branch of the dungeon, and saw 1 of its levels.


   Skills:
 - Level 1.0 Fighting
 - Level 1.7 Dodging
 + Level 2.8 Unarmed Combat
 * Level 2.9 Shapeshifting


You couldn't memorise any spells.
You didn't know any spells.
Your spell library was empty.

Inventory:

Armour
 a - a +0 animal skin (worn)
Talismans
 c - a beast talisman (active)
 d - a flux talisman
Potions
 b - a potion of lignification {!q}

Dungeon Overview and Level Annotations

Branches:
Dungeon (1/15) Zot: 5928

Altars:

#....### .# #.####
..# ## #.# ..?##. #.#
......### #.#
........# #.#
...(....# #.#
......l.#######.#
......Sh.##.....#
................#####
........##........†.#
........##..........#
..>..#..##..........#
......#.........#####
.(..#.#.........#
..#.$>..........#
..........#


You could see a ball python and a frilled lizard.


Message History

Lua error: /dgldir/rcfiles/crawl-git/kae.rc:525: unexpected symbol near '#' 🤖 Initializing magus.rc ...
Bad monster_list_colour key: strict_neutral Bad channel name 'pray' for runrest: 'pray:' Options error: Missing colour in message_colour setting: 'that.*feels deathly cold' Options error: Missing colour in message_colour setting: 'and you must be Full or above to equip it' Options error: Missing colour in message_colour setting: 'but rights himself reflexively soon after' Options error: Missing colour in message_colour setting: 'before it is too late' ✅ Successfully initialized magus.rc [v1.11.3] Welcome, kae the Demonspawn Shapeshifter.
It is said that the Orb of Zot exists deep within this dungeon.
Press ? for a list of commands and other information.
Found a staircase leading out of the dungeon.
You open the gate.
There is an open gate here.
A goblin comes into view. It is wielding a +0 dagger.
The goblin shouts!
There is an open gate here.
A goblin is nearby!
A goblin is nearby!
You hit the goblin. The goblin hits you with a +0 dagger.
You hit the goblin.
You kill the goblin! 😮 HP[-4]
You take 4 damage, and now have 11/15 hp.
MASSIVE DAMAGE!! (PAUSE)
Things that are here:
a +0 dagger; a goblin corpse A dart slug comes into view. 😎 HP[+4]
Your hp is fully restored (15).
A dart slug is nearby!
A ball python comes into view.
There are monsters nearby!
The dart slug barely misses you.
You punch the dart slug! The dart slug bites you. 😕 HP[-2]
You take 2 damage, and now have 13/15 hp.
A dart slug is nearby!
You hit the dart slug but do no damage. You punch the dart slug.
You kill the dart slug!
No target in view!
The ball python hisses angrily. 😎 HP[+2]
Your hp is fully restored (15).
The ball python closely misses you. The ball python barely misses you.
A ball python is nearby!
You hit the ball python.
You kill the ball python!
No target in view!
A quokka comes into view.
Found a scroll labelled CYTATWI YGEOROFY.
Found a stone staircase leading down.
A frilled lizard and a ball python come into view.
Found 7 stones and 15 gold pieces.
Found an escape hatch in the floor.
The frilled lizard hisses angrily.
The quokka bites you. x2
You hit the quokka. The quokka barely misses you. 😕 HP[-2]
You take 2 damage, and now have 13/15 hp.
There are monsters nearby!
You closely miss the quokka. The quokka closely misses you.
You hit the quokka but do no damage. The quokka barely misses you.
There are monsters nearby!
You hit the quokka.
You kill the quokka!
The frilled lizard bites you but does no damage.
The ball python barely misses you. x2
There are monsters nearby!
There are monsters nearby!
You barely miss the frilled lizard. The ball python bites you.
The ball python misses you. The frilled lizard bites you.
You hit the frilled lizard. The ball python bites you.
The ball python grabs you. The ball python constricts you.
* * * LOW HITPOINT WARNING * * *
The frilled lizard bites you.
* * * LOW HITPOINT WARNING * * *
😨 HP[-8]
You take 8 damage, and now have 5/15 hp.
MASSIVE DAMAGE!! (PAUSE)
You closely miss the ball python.
The ball python bites you but does no damage.
The ball python constricts you. The frilled lizard bites you.
* * * LOW HITPOINT WARNING * * *
The ball python bites you but does no damage.
The ball python constricts you.
* * * LOW HITPOINT WARNING * * *
😱 HP[-2]
You take 2 damage, and now have 3/15 hp.
You closely miss the ball python. You punch the ball python.
The frilled lizard bites you.
* * * LOW HITPOINT WARNING * * *
The ball python bites you.
You die...

Action                     || total
---------------------------++-------
  Melee: Unarmed           ||    13
         Punch             ||     2
 Armour: Animal skin       ||    17
  Dodge: Dodged            ||     9

Levels and vault maps discovered:
D:1:      saegor_arrival_simple_c, layout_rooms

Notes
Turn   | Place    | Note
-------+----------+-------------------------------------------
     0 | D:1      | kae the Demonspawn Shapeshifter began the quest for the
                  | Orb.
     0 | D:1      | Reached XP level 1. HP: 15/15 MP: 1/1
     0 | D:1      | magus.rc [v1.11.3]
    70 | D:1      | HP: 3/15 [constriction (1)]
    71 | D:1      | Slain by a ball python

Vanquished Creatures
  A dart slug (D:1)
  A goblin (D:1)
  A quokka (D:1)
  A ball python (D:1)
4 creatures vanquished.

Table legend:
 A = Non-vault XP
 B = Vault XP
 C = Vault XP percentage of total XP
 D = Non-vault monster count
 E = Vault monster count
 F = Vault count percentage of total count
                 A         B        C        D         E       F
            +---------+---------+-------+---------+---------+-------
      Total |       9 |       0 |   0.0 |       4 |       0 |   0.0
            +---------+---------+-------+---------+---------+-------
        D:1 |       9 |       0 |   0.0 |       4 |       0 |   0.0
            +---------+---------+-------+---------+---------+-------

Action                     || total
---------------------------++-------
  Melee: Unarmed           ||    13
         Punch             ||     2
 Armour: Animal skin       ||    17
  Dodge: Dodged            ||     9

Illustrated notes

Table legend:
 A = Kills in this place as a percentage of kills in the entire game.
 B = Kills by you in this place as a percentage of kills by you in the entire game.
 C = Kills by friends in this place as a percentage of kills by friends in the entire game.
 D = Other kills in this place as a percentage of other kills in the entire game.
 E = Experience gained in this place as a percentage of experience gained in the entire game.
 F = Experience gained in this place divided by the number of levels of this place that you have seen.
                   A       B       C       D       E      F
               +-------+-------+-------+-------+-------+----------------------
         Total | 100.0 | 100.0 |   N/A |   N/A | 100.0 |   9.0
       Dungeon | 100.0 | 100.0 |   N/A |   N/A | 100.0 |   9.0
               +-------+-------+-------+-------+-------+----------------------

Table legend: (Time is in decaauts)
 A = Elapsed time spent in this place.
 B = Non-inter-level travel time spent in this place.
 C = Inter-level travel time spent in this place.
 D = Time resting spent in this place.
 E = Time spent auto-exploring this place.
 F = Levels seen in this place.
 G = Mean time per level.
                   A        B        C        D        E       F      G
               +--------+--------+--------+--------+--------+-----+--------+
         Total |     70 |     70 |      0 |      0 |     46 |   1 |   70.0 |
       Dungeon |     70 |     70 |      0 |      0 |     46 |   1 |   70.0 |
               +--------+--------+--------+--------+--------+-----+--------+

Top non-repeatable levels by time:
     D:1: 70 daAuts
